AoeStats
← Blyad _Mann

MegaRandom

508913376Analyzed
4v4 RM · 7d ago on Sep 24, 2026· 58m 19s· 8 players
Game mode
Random Map
Map size
Large (8 player)
Population
200
Speed
Normal
Resources
Standard
Victory
Conquest
Starting age
Dark Age
Ending age
Imperial Age
RankedLock teamsTeams togetherTeam positionsShared explorationLock speedFull tech treeHidden civsTurbo modeCheats
Victory
Defeat
🇵🇪 Saxons · Peru
1016
+15
🇮🇱 Danes · Israel
998
+16
🇺🇸 Japanese · United States
991
+16
🇩🇪 Romans · Germany
991
+16
🇧🇪 Saxons · Belgium
1090
-19
🇳🇱 Danes · Netherlands
978
-15
🇦🇺 Goths · Australia
976
-15
🇦🇿 Varangians · Azerbaijan
948
-14
wiroo99
0:33 Loom
11:02 Feudal Age
13:21 Double-Bit Axe
15:00 Wheelbarrow
18:43 Castle Age
17:31 Horse Collar
18:19 Gold Mining
18:19 Stone Mining
19:10 Scale Mail Armor
21:56 Heavy Plow
25:40 Hand Cart
29:27 Bow Saw
30:31 Chain Mail Armor
30:27 Forging
32:40 Iron Casting
34:39 Imperial Age
34:49 Gambesons
35:05 Squires
34:50 Arson
34:56 Capped Ram
35:04 Shield Wall
35:19 Elite Varangian Guard
36:12 Siege Ram
38:22 Two-Man Saw
37:44 Elite Hearth Troop
44:46 Heavy Scorpion
46:48 Crop Rotation
46:58 Gold Shaft Mining
46:13 Stone Mining
47:45 Plate Mail Armor
ifitsReal
10:49 Feudal Age
15:10 Castle Age
16:06 Double-Bit Axe
16:05 Horse Collar
23:45 Forging
24:55 Gold Mining
24:58 Stone Mining
27:43 Gold Shaft Mining
28:02 Wheelbarrow
29:32 Hand Cart
29:03 Loom
29:58 Bow Saw
33:15 Imperial Age
30:35 Man-at-Arms
31:20 Scale Mail Armor
32:07 Long Swordsman
32:47 Squires
33:12 Ballistics
32:48 Murder Holes
33:33 Iron Casting
32:49 Fletching
33:14 Chain Mail Armor
33:50 Town Watch
36:08 Two-Man Saw
35:06 Bodkin Arrow
36:12 Blast Furnace
36:15 Chemistry
35:10 Arson
35:50 Conscription
36:00 Heavy Plow
35:43 Elite Samurai
35:49 Two-Handed Swordsman
37:02 Kataparuto
36:56 Champion
37:22 Gambesons
36:57 Pikeman
38:13 Plate Mail Armor
37:44 Bracer
38:53 Hoardings
39:23 Padded Archer Armor
39:32 Siege Engineers
39:39 Masonry
39:10 Treadmill Crane
41:16 Yasama
41:47 Leather Archer Armor
41:25 Guard Tower
41:46 Fortified Wall
41:22 Arrowslits
42:25 Town Patrol
45:36 Caravan
47:10 Keep
47:42 Illumination
48:52 Redemption
51:35 Fervor
Blazzer723
0:34 Loom
11:26 Feudal Age
11:52 Horse Collar
12:01 Double-Bit Axe
14:35 Gold Mining
18:40 Castle Age
17:59 Stone Mining
19:51 Bow Saw
19:45 Caravan
22:40 Wheelbarrow
23:59 Heavy Plow
32:23 Imperial Age
30:11 Hand Cart
29:33 Man-at-Arms
30:01 Gambesons
30:02 Arson
30:18 Squires
29:53 Pikeman
31:13 Gold Shaft Mining
31:05 Long Swordsman
33:01 Forging
32:51 Scale Mail Armor
32:30 Two-Handed Swordsman
33:28 Champion
34:52 Conscription
33:58 Hamask
34:53 Halberdier
36:16 Capped Ram
37:46 Hoardings
38:33 Iron Casting
38:13 Chain Mail Armor
39:23 Town Watch
40:50 Blast Furnace
39:40 Elite Varangian Guard
42:40 Plate Mail Armor
52:28 Siege Ram
NiTiJo
11:15 Feudal Age
9:34 Loom
11:44 Horse Collar
11:53 Double-Bit Axe
18:54 Castle Age
19:02 Wheelbarrow
19:53 Heavy Plow
20:06 Bow Saw
19:48 Town Watch
19:57 Stone Mining
19:57 Gold Mining
22:00 Gold Shaft Mining
22:32 Hand Cart
28:50 Town Patrol
36:36 Imperial Age
34:20 Ballistas
34:41 Ballistics
38:29 Crop Rotation
37:22 Heavy Scorpion
42:00 Siege Engineers
54:32 Caravan
56:40 Scale Mail Armor
56:51 Forging
57:55 Chain Mail Armor
58:49 Iron Casting
58:53 Conscription
Blyad _Mann
0:28 Loom
11:52 Feudal Age
12:24 Double-Bit Axe
12:20 Horse Collar
14:05 Stone Mining
19:59 Castle Age
18:37 Stone Mining
18:40 Gold Mining
20:56 Bow Saw
22:39 Wheelbarrow
22:21 Heavy Plow
26:50 Hand Cart
26:42 Caravan
28:39 Town Watch
32:57 Imperial Age
30:47 Scale Mail Armor
30:57 Forging
31:40 Masonry
31:47 Squires
31:33 Arson
32:52 Gold Shaft Mining
33:53 Iron Casting
33:33 Chain Mail Armor
33:09 Fletching
32:50 Pikeman
33:15 Gambesons
33:49 Elite Varangian Guard
35:35 Blast Furnace
37:55 Conscription
37:10 Hamask
37:40 Onager
38:57 Plate Mail Armor
40:58 Hoardings
40:44 Man-at-Arms
41:25 Halberdier
41:31 Long Swordsman
42:24 Two-Handed Swordsman
44:28 Champion
48:02 Elite Jomsviking
Russia05
12:20 Feudal Age
12:48 Loom
13:39 Wheelbarrow
16:10 Double-Bit Axe
19:35 Castle Age
18:27 Horse Collar
21:10 Bow Saw
21:50 Man-at-Arms
30:51 Imperial Age
29:35 Wheelbarrow
29:05 Gold Mining
29:05 Stone Mining
29:42 Forging
29:32 Scale Mail Armor
30:28 Scale Mail Armor
32:39 Iron Casting
32:19 Chain Mail Armor
32:10 Scale Barding Armor
32:14 Squires
32:58 Chain Mail Armor
32:46 Heavy Plow
33:22 Conscription
33:19 Stone Mining
33:54 Arson
36:41 Blast Furnace
36:11 Plate Mail Armor
36:01 Chain Barding Armor
35:06 Man-at-Arms
36:34 Long Swordsman
38:40 Two-Handed Swordsman
39:06 Gambesons
44:18 Guilds
44:39 Coinage
46:58 Banking
46:29 Heavy Scorpion
Saeer
2:55 Loom
3:12 Loom
11:45 Feudal Age
16:41 Castle Age
14:54 Double-Bit Axe
14:53 Horse Collar
17:17 Town Watch
24:28 Squires
24:47 Stone Mining
27:43 Wheelbarrow
27:02 Arson
27:36 Forging
28:10 Town Patrol
28:12 Gold Mining
29:20 Iron Casting
29:14 Heavy Plow
29:24 Scale Mail Armor
29:16 Fletching
31:08 Chain Mail Armor
31:45 Hand Cart
36:00 Imperial Age
33:30 Bodkin Arrow
33:59 Treadmill Crane
34:40 Ballistics
34:16 Murder Holes
34:32 Masonry
34:43 Bloodlines
34:34 Husbandry
36:37 Caravan
37:47 Conscription
37:28 Gambesons
38:05 Elite Varangian Guard
40:34 Plate Mail Armor
Vareso
0:33 Loom
12:07 Feudal Age
17:19 Castle Age
16:27 Double-Bit Axe
16:24 Horse Collar
17:19 Gold Mining
17:25 Stone Mining
18:28 Bow Saw
19:04 Heavy Plow
23:14 Stone Shaft Mining
24:32 Wheelbarrow
26:37 Caravan
27:17 Hand Cart
31:36 Imperial Age
33:20 Two-Man Saw
33:16 Crop Rotation
32:12 Elite Huskarl
32:59 Anarchy
33:26 Conscription
33:21 Town Watch
34:10 Squires
34:50 Perfusion
35:07 Scale Mail Armor
35:27 Town Patrol
36:49 Pikeman
43:11 Forging
Connection lost

Rejoining the realm…

Still unreachable

The connection could not be restored.

Session expired

The server has moved on; the page needs a fresh start.